 Dungeon Crawl Stone Soup version 0.30.1-11-g7821555f0a (webtiles) character file.

Game seed: 4340514581092566320

10921 Eitelfritz the Reanimator (level 11, -7/76 HPs)
             Began as a Demonspawn Necromancer on Dec 8, 2023.
             Was a Priest of Dithmenos.
             Mangled by a white ugly thing (15 damage)
             ... on level 11 of the Dungeon.
             The game lasted 01:25:24 (9850 turns).

Eitelfritz the Reanimator (Demonspawn Necromancer)  Turns: 9850, Time: 01:25:26

Health: -7/76      AC: 16    Str: 12    XL:     11   Next: 42%
Magic:  21/34      EV: 14    Int: 18    God:    Dithmenos [***...]
Gold:   734        SH:  0    Dex: 13    Spells: 16/30 levels left

rFire   . . .        a - +1 rapier
rCold   + . .        (no shield)
rNeg    . . .        F - +0 steam dragon scales
rPois   .            e - +0 helmet
rElec   .            t - +2 cloak
rCorr   .            v - +2 pair of gloves
SInv    .            z - +0 pair of boots
Will    .....        c - amulet of magic regeneration
Stlth   +++          K - ring of magical power
HPRegen 0.32/turn    D - ring of protection from cold
MPRegen 0.64/turn

%: no passive effects
@: animating dead, wreathed by umbra
A: slimy green scales 2, powered by death 3, demonic touch 2
a: Renounce Religion, Shadow Step


You were on level 11 of the Dungeon.
You worshipped Dithmenos.
Dithmenos was most pleased with you.
You visited 2 branches of the dungeon, and saw 12 of its levels.
You also visited: Ossuary.

You collected 1094 gold pieces.
You spent 360 gold pieces at shops.

Inventory:

Hand Weapons
 a - a +1 rapier (weapon)
 b - a +1 sling of freezing
 g - a +0 dagger of venom
 k - a +2 dagger of electrocution
 B - a +0 short sword of electrocution
Missiles
 n - 3 throwing nets
 q - 16 poisoned darts
 y - 2 curare-tipped darts
Armour
 e - a +0 helmet (worn)
 t - a +2 cloak (worn)
 v - a +2 pair of gloves (worn)
 z - a +0 pair of boots (worn)
 F - +0 steam dragon scales (worn)
 I - a +3 leather armour of poison resistance
Magical Staves
 O - a staff of cold
Jewellery
 c - an amulet of magic regeneration (around neck)
 o - an amulet of guardian spirit
 D - a ring of protection from cold (right hand)
 K - a ring of magical power (left hand)
 Q - a ring of flight
Wands
 H - a wand of flame (24)
 L - a wand of light (9)
Scrolls
 d - a scroll of blinking
 f - 5 scrolls of poison
 p - 6 scrolls of teleportation
 x - a scroll of magic mapping
 C - 3 scrolls of fog
 N - 2 scrolls of vulnerability
Potions
 h - 9 potions of curing
 i - a potion of berserk rage
 j - a potion of magic
 l - 3 potions of heal wounds
 m - 2 potions of ambrosia
 r - a potion of haste
 s - 4 potions of lignification
 u - 5 potions of mutation
 w - a potion of invisibility
 A - 3 potions of brilliance
 E - 3 potions of attraction
 J - 2 potions of flight {unknown}
 M - a potion of might {unknown}
Miscellaneous
 P - a box of beasts


   Skills:
 + Level 3.9 Fighting
 + Level 5.0 Short Blades
 + Level 5.6 Dodging
 + Level 3.6 Stealth
 + Level 10.4 Spellcasting
 + Level 2.2 Summonings
 + Level 12.2 Necromancy


You had 16 spell levels left.
You knew the following spells:

 Your Spells              Type           Power      Damage    Failure   Level
a - Necrotise             Necr           100%       1d9       1%          1
b - Vampiric Draining     Necr           52%        2d9       1%          3
c - Apportation           Tloc           18%        N/A       8%          1
d - Summon Small Mammal   Summ           68%        N/A       3%          1
e - Animate Dead          Necr           52%        N/A       1%          4
f - Dispel Undead         Necr           52%        3d19      1%          4

Your spell library contained the following spells:

 Spells                   Type           Power      Damage    Failure   Level
 Kiss of Death            Conj/Necr      100%       2d13      1%          1
 Agony                    Necr           52%        N/A       1%          5
 Cigotuvi's Dreadful Rot  Necr/Pois/Air  48%        N/A       2%          2
 Death Channel            Necr           26%        N/A       8%          6
 Dazzling Flash           Conj/Hex       18%        N/A       22%         3
 Ozocubu's Armour         Ice            9%         N/A       22%         3
 Stone Arrow              Conj/Erth      18%        3d8       22%         3
 Vhi's Electric Charge    Tloc/Air       18%        N/A       22%         3
 Volatile Blastmotes      Fire/Tloc      18%        2d11      22%         3
 Iskenderun's Mystic Bla  Conj/Tloc      9%         2d4       58%         4
 Arcjolt                  Conj/Air       4%         1d14      91%         5
 Starburst                Conj/Fire      4%         6d4       100%        6
 Maxwell's Capacitive Co  Air            4%         ∞         100%        8


Dungeon Overview and Level Annotations

Branches:
Dungeon (11/15)            Temple (1/1) D:6            Lair (0/5) D:8
Ossuary (visited)
    Orc: D:9-12

Altars:
Ashenzari
Cheibriados
Dithmenos
Fedhas
Gozag
Hepliaklqana
Kikubaaqudgha
Makhleb
Nemelex Xobeh
Okawaru
Qazlal
Ru
Sif Muna
Trog
Uskayaw
Vehumet
Wu Jian
Xom
Yredelemnul

Shops:
D:6 :


Innate Abilities, Weirdness & Mutations

You are mostly covered in slimy green scales. (AC +3)
You regenerate a lot of health from kills.
Your touch may inflict irresistible damage on your foes.


Message History

Your rat closely misses the two-headed ogre.
The two-headed ogre hits you with a +0 giant club!
The two-headed ogre closely misses you. The white ugly thing barely misses you.
Unknown command.
Casting: Vampiric Draining (safe; 1% risk of failure)
Confirm with . or Enter, or press ? or * to list all spells.
Aiming: Vampiric Draining (safe; 1% risk of failure)
Press: ? - help, Shift-Dir - straight line, f/p - white ugly thing
Aim: a white ugly thing (heavily wounded, umbra)
You draw life force from the white ugly thing!
You feel life coursing into your body.
Your rat bites the two-headed ogre.
The two-headed ogre misses you.
The two-headed ogre hits you with a +0 giant club!
The white ugly thing claws you! The white ugly thing freezes you! You resist.
* * * LOW HITPOINT WARNING * * *
Casting: Vampiric Draining (safe; 1% risk of failure)
Confirm with . or Enter, or press ? or * to list all spells.
Aiming: Vampiric Draining (safe; 1% risk of failure)
Press: ? - help, Shift-Dir - straight line, f/p - white ugly thing
Aim: a white ugly thing (severely wounded, umbra)
You draw life force from the white ugly thing!
You feel life coursing into your body.
Your rat barely misses the two-headed ogre.
The white ugly thing barely misses you.
Casting: Vampiric Draining (safe; 1% risk of failure)
Confirm with . or Enter, or press ? or * to list all spells.
Aiming: Vampiric Draining (safe; 1% risk of failure)
Press: ? - help, Shift-Dir - straight line, f/p - white ugly thing
Aim: a white ugly thing (severely wounded, umbra)
You draw life force from the white ugly thing.
You feel life coursing into your body.
Your rat barely misses the two-headed ogre.
The two-headed ogre hits you with a +0 giant club!
* * * LOW HITPOINT WARNING * * *
The two-headed ogre hits you with a +0 giant club.
* * * LOW HITPOINT WARNING * * *
The white ugly thing claws you.
* * * LOW HITPOINT WARNING * * *
The white ugly thing freezes you! You resist.
You die...

#.#######################
#.......................
#......................
#....................#
#....................#
#....................#
#..............r.....#
#..............O.....##
#.............@u.........
################.##### .#
.# #


You could see a white ugly thing, a two-headed ogre (ally target) and a friendly
rat (summoned).

Vanquished Creatures
  4 two-headed ogres
  Pikel (D:8)
  Joseph (D:7)
  A troll (D:10)
  A hornet (D:9)
  A shadow (D:10)
  A wraith (D:10)
  A wyvern (D:9)
  6 yaks
  A vampire (D:9)
  2 steam dragons
  A water moccasin (D:6)
  A floating eye (D:9)
  5 orc warriors
  2 sky beasts
  A black bear (D:8)
  An ogre (D:7)
  7 centaurs
  2 phantoms
  3 bullfrogs
  2 kobold brigands
  A gnoll sergeant (D:7)
  5 wights (D:8)
  4 scorpions
  5 killer bees
  3 hounds
  A gnoll bouda (D:8)
  5 orc priests
  Terence (D:3)
  2 sleepcaps
  3 iguanas
  Natasha (twice) (D:2)
  10 orc wizards
  8 mummies (Ossuary)
  7 gnolls
  6 adders
  A shadow imp (D:4)
  3 white imps
  2 ufetubi
  A worm (D:4)
  5 dart slugs
  39 orcs
  8 endoplasms
  3 giant cockroaches
  2 gnoll zombies (Ossuary)
  7 goblins
  13 hobgoblins
  2 jackals (D:4)
  5 quokkas
  6 ball pythons
  4 bats
  8 frilled lizards
  19 kobolds
  A kobold zombie (Ossuary)
  2 orc zombies (Ossuary)
  5 rats
244 creatures vanquished.

Vanquished Creatures (collateral kills)
  A gargoyle (D:9)
  A hornet (D:9)
  A yak (D:9)
  2 wyverns
  An acid dragon (D:9)
  A water moccasin (D:5)
  A floating eye (D:9)
  A centaur (D:9)
  A kobold brigand (D:6)
  2 gnoll sergeants (D:9)
  A killer bee (D:9)
  A gnoll bouda (D:4)
  2 orc wizards
  An adder (D:6)
  3 gnolls
  A dart slug (D:2)
  5 orcs
  A bat (D:2)
  4 endoplasms
  A gnoll zombie (Ossuary)
  3 goblins
  A frilled lizard (D:3)
  A kobold (D:6)
  A kobold zombie (Ossuary)
  An orc zombie (Ossuary)
  A rat (D:1)
40 creatures vanquished.

Vanquished Creatures (others)
  A two-headed ogre zombie (D:9)
  A floating eye (D:9)
  3 yak zombies (D:9)
  2 centaur zombies (D:9)
  3 killer bee zombies (D:7)
  An orc (D:3)
  A hobgoblin (D:3)
  3 gnoll zombies
  5 orc zombies
20 creatures vanquished.

Grand Total: 304 creatures vanquished

Notes
Turn   | Place    | Note
-------+----------+-------------------------------------------
     0 | D:1      | Eitelfritz the Demonspawn Necromancer began the quest for
                  | the Orb.
     0 | D:1      | Reached XP level 1. HP: 13/13 MP: 3/3
   113 | D:1      | Gained mutation: You are partially covered in slimy green
                  | scales. (AC +2) [demonic ancestry]
   113 | D:1      | Reached XP level 2. HP: 19/19 MP: 1/5
   317 | D:1      | Reached skill level 5 in Necromancy
   584 | D:1      | Gained mutation: You regenerate a little health from kills.
                  | [demonic ancestry]
   584 | D:1      | Reached XP level 3. HP: 20/24 MP: 3/6
   624 | D:1      | Learned a level 3 spell: Vampiric Draining
  1196 | D:2      | Gained mutation: You regenerate health from kills. [demonic
                  | ancestry]
  1196 | D:2      | Reached XP level 4. HP: 30/30 MP: 6/8
  1313 | D:2      | Noticed Natasha
  1330 | D:2      | Killed Natasha
  1478 | D:2      | Learned a level 1 spell: Apportation
  1480 | D:2      | Learned a level 1 spell: Summon Small Mammal
  1597 | D:2      | Noticed Natasha
  1600 | D:2      | Killed Natasha
  1923 | D:3      | Gained mutation: Your touch may inflict minor irresistible
                  | damage on your foes. [demonic ancestry]
  1923 | D:3      | Reached XP level 5. HP: 35/35 MP: 8/10
  2068 | D:3      | Got the Collected Works on Glacial Hurting
  2103 | D:3      | Noticed Terence
  2108 | D:3      | Killed Terence
  2255 | D:3      | Found a shimmering altar of Xom.
  2270 | D:3      | Reached skill level 6 in Necromancy
  2404 | D:3      | Noticed a phantom
  2421 | D:3      | Killed a phantom
  2422 | D:3      | Gained mutation: You regenerate a lot of health from kills.
                  | [demonic ancestry]
  2422 | D:3      | Reached XP level 6. HP: 29/41 MP: 10/13
  2713 | D:3      | Found a bloodstained altar of Trog.
  3536 | D:4      | Reached skill level 5 in Spellcasting
  3610 | D:4      | Reached XP level 7. HP: 47/47 MP: 11/14
  3962 | D:4      | Reached skill level 7 in Necromancy
  4193 | D:5      | Entered Level 5 of the Dungeon
  4325 | D:5      | Reached skill level 1 in Short Blades
  4325 | D:5      | Reached skill level 8 in Necromancy
  4412 | D:5      | Reached skill level 1 in Summonings
  4443 | D:5      | Reached XP level 8. HP: 53/53 MP: 15/17
  4582 | D:5      | Learned a level 4 spell: Animate Dead
  5031 | D:6      | Reached skill level 1 in Fighting
  5118 | D:6      | Found a staircase to the Ecumenical Temple.
  5300 | D:6      | Reached skill level 9 in Necromancy
  5385 | D:6      | Found Razom's Book Boutique.
  5388 | D:6      | Bought a book of Decay for 360 gold pieces
  5571 | Temple   | Entered the Ecumenical Temple
  5741 | Temple   | Learned a level 4 spell: Dispel Undead
  5779 | Temple   | Became a worshipper of Dithmenos the Shadowed
  5833 | D:7      | Noticed Joseph
  5862 | D:7      | Killed Joseph
  5863 | D:7      | Gained mutation: You are mostly covered in slimy green
                  | scales. (AC +3) [demonic ancestry]
  5863 | D:7      | Reached XP level 9. HP: 33/59 MP: 0/20
  6178 | D:7      | Found a sand-covered staircase.
  6190 | Ossuary  | Entered an ossuary
  6208 | Ossuary  | Reached * piety under Dithmenos
  7084 | D:8      | Reached skill level 10 in Necromancy
  7118 | D:8      | Found a staircase to the Lair.
  7130 | D:8      | Reached ** piety under Dithmenos
  7577 | D:8      | Reached XP level 10. HP: 25/67 MP: 22/22
  7879 | D:9      | Noticed Pikel
  7891 | D:8      | Killed Pikel
  8209 | D:9      | Paralysed by a hornet for 1 turns
  8319 | D:9      | Noticed a two-headed ogre
  8335 | D:9      | Killed a two-headed ogre
  8336 | D:9      | Reached skill level 11 in Necromancy
  8428 | D:9      | Noticed a gargoyle
  8436 | D:9      | Killed a gargoyle
  8722 | D:9      | Noticed a two-headed ogre
  8733 | D:9      | Paralysed by a floating eye for 2 turns
  8742 | D:9      | Paralysed by a floating eye for 2 turns
  8744 | D:9      | Killed a two-headed ogre
  8745 | D:9      | Reached skill level 5 in Dodging
  8942 | D:9      | Paralysed by a floating eye for 4 turns
  8952 | D:9      | Paralysed by a floating eye for 3 turns
  8957 | D:9      | Paralysed by a floating eye for 2 turns
  8961 | D:9      | Paralysed by a floating eye for 2 turns
  8964 | D:9      | Gained mutation: Your touch may inflict irresistible damage
                  | on your foes. [demonic ancestry]
  8964 | D:9      | Reached XP level 11. HP: 55/75 MP: 24/24
  8972 | D:9      | Paralysed by a hornet for 1 turns
  8975 | D:9      | Reached skill level 10 in Spellcasting
  8977 | D:9      | Reached *** piety under Dithmenos
  8997 | D:9      | Identified the +6 hand axe of Eternal War {heavy, rPois
                  | Dex+3}
  9024 | D:9      | Paralysed by a floating eye for 4 turns
  9122 | D:10     | Entered Level 10 of the Dungeon
  9648 | D:10     | Noticed a two-headed ogre
  9658 | D:10     | Killed a two-headed ogre
  9659 | D:10     | Reached skill level 12 in Necromancy
  9697 | D:10     | Noticed a two-headed ogre
  9713 | D:10     | Killed a two-headed ogre
  9714 | D:10     | Reached skill level 5 in Short Blades
  9836 | D:11     | Noticed a two-headed ogre
  9838 | D:11     | Noticed a white ugly thing
  9850 | D:11     | Mangled by a white ugly thing

Illustrated notes

Levels and vault maps discovered:
D:1:      scummos_arrival_forest, layout_rooms, st_stairs_4,
          amcnicky_mini_corridor_feature, minmay_misc_feat_ornament
D:2:      layout_basic, uniq_natasha
D:3:      layout_loops_corners, mainiacjoe_overflow_alcove_1,
          xom_confusion_cloud, kennysheep_generic_room_6,
          uniq_crazy_yiuf_cottage, uniq_terence
D:4:      layout_cave_pods, minmay_goblin_kobold_house
D:5:      layout_loops_ring, kennysheep_generic_room_4
D:6:      layout_rooms, minmay_temple_entry_waves, serial_shops,
          nicolae_shop_tiny_real_fake_doors
D:7:      layout_basic, lightli_ossuary_entry_decrepit_ruins, uniq_joseph
D:8:      layout_loops_corners, grunt_lair_entry_orc_guard_hut
D:9:      layout_roguey, onia_ninara_cookie, uniq_pikel
D:10:     layout_basic
D:11:     layout_long_grid, erik_orc_1
Temple:   nicolae_temple_slightly_damp_pantheon

Skill      XL: |  1  2  3  4  5  6  7  8  9 10 11 |
---------------+----------------------------------+-----
Necromancy     | 5 6 8 9 10 11 12 | 12.2
Spellcasting   | 3 4 5 6 7 8 9 10 | 10.4
Stealth        | 2 3 |  3.6
Dodging        | 2 3 5 |  5.6
Short Blades   | 1 2 3 4 5 |  5.0
Summonings     | 1 2 |  2.2
Fighting       | 1 2 3 |  3.9

Action                     |  1- 3 |  4- 6 |  7- 9 | 10-12 || total
---------------------------+-------+-------+-------+-------++-------
  Melee: Rapier            |     1 |    25 |   179 |   193 ||   398
         Touch             |       |     4 |    37 |    36 ||    77
         Punch             |       |     1 |     1 |     2 ||     4
   Cast: Necrotise         |    81 |   126 |   118 |    21 ||   346
         Vampiric Draining |       |     4 |    29 |    43 ||    76
         Summon Small Mamm |       |     7 |    17 |     6 ||    30
         Apportation       |       |     1 |       |       ||     1
         Animate Dead      |       |       |    11 |     7 ||    18
         Dispel Undead     |       |       |    13 |     3 ||    16
    Use: Scroll            |       |     9 |    12 |     1 ||    22
         Potion            |       |       |     1 |       ||     1
   Stab: Distracted        |       |     1 |     2 |     1 ||     4
         Sleeping          |       |       |     5 |     4 ||     9
 Armour: Robe              |     3 |    19 |    52 |       ||    74
         Steam dragon scal |       |       |    99 |   138 ||   237
  Dodge: Dodged            |     5 |    50 |   215 |   218 ||   488
